AoeStats
← senue112

Black Forest

503565462Analyzed
4v4 RM · 29d ago on Sep 1, 2026· 40m 52s· 8 players
Game mode
Random Map
Map size
Large (8 player)
Population
200
Speed
Normal
Resources
Standard
Victory
Conquest
Starting age
Dark Age
Ending age
Imperial Age
RankedLock teamsTeams togetherTeam positionsShared explorationLock speedFull tech treeHidden civsTurbo modeCheats
Victory
Defeat
🇨🇳 Byzantines · China
1225
+11
🇭🇰 Jurchens · Hong Kong SAR China
1128
+16
🇨🇳 Portuguese · China
1102
+17
🇨🇳 Britons · China
994
+27
🇭🇰 Georgians · Hong Kong SAR China
1149
-18
🇨🇳 Vietnamese · China
1142
-17
🇦🇷 Mapuche · Argentina
1132
-17
🇱🇻 Huns · Latvia
1071
-14
diepat
5:33 Loom
13:31 Feudal Age
14:31 Double-Bit Axe
14:33 Fishing Lines
16:37 Gold Mining
19:01 Castle Age
17:24 Horse Collar
17:50 Man-at-Arms
20:24 Bow Saw
21:31 Gillnets
22:42 Arson
23:15 Forging
25:22 Wheelbarrow
24:40 Stone Mining
25:49 Gambesons
27:16 Scale Mail Armor
27:51 Iron Casting
28:23 Hand Cart
33:40 Imperial Age
30:57 Town Watch
31:51 Chain Mail Armor
32:05 Ballistics
33:53 Fletching
35:40 Chemistry
35:00 Capped Ram
35:04 Heavy Rocket Cart
36:43 Gold Shaft Mining
36:15 Heavy Plow
36:48 Conscription
36:41 Thunderclap Bombs
38:33 Two-Man Saw
37:36 Squires
38:40 Blast Furnace
37:47 Treadmill Crane
39:05 Scale Barding Armor
38:56 Bodkin Arrow
39:01 Padded Archer Armor
39:00 Murder Holes
39:16 Masonry
39:09 Elite Fire Lancer
40:42 Stone Shaft Mining
39:30 Pikeman
40:37 Heavy Scorpion
626464865
0:30 Loom
13:47 Feudal Age
19:00 Castle Age
17:24 Double-Bit Axe
17:59 Horse Collar
18:53 Scale Mail Armor
19:07 Forging
19:04 Man-at-Arms
19:31 Gambesons
19:45 Long Swordsman
20:42 Scale Mail Armor
25:37 Iron Casting
25:19 Chain Mail Armor
28:17 Arson
senue112
10:34 Feudal Age
17:08 Castle Age
23:26 Horse Collar
27:58 Double-Bit Axe
31:27 Imperial Age
29:18 Heavy Plow
29:11 Gold Mining
29:12 Stone Mining
29:43 Bow Saw
31:00 Wheelbarrow
30:11 Town Watch
31:07 Gold Shaft Mining
31:49 Fletching
31:59 Padded Archer Armor
33:15 Chemistry
32:59 Conscription
32:01 Elite Longbowman
33:06 Yeomen
33:21 Hand Cart
33:07 Bodkin Arrow
33:27 Leather Archer Armor
34:42 Town Patrol
35:26 Bracer
35:42 Leather Archer Armor
35:26 Arrowslits
36:05 Ballistics
36:58 Two-Man Saw
36:47 Spies/Treason
41:29 Warwolf
小离爱吃糖
12:15 Feudal Age
16:30 Castle Age
14:58 Double-Bit Axe
16:10 Horse Collar
21:22 Stone Mining
21:45 Bow Saw
24:15 Gold Mining
25:15 Stone Shaft Mining
26:54 Gold Shaft Mining
26:58 Wheelbarrow
26:21 Loom
30:50 Imperial Age
29:14 Hand Cart
31:02 Scale Barding Armor
31:08 Forging
32:12 Chain Barding Armor
31:57 Heavy Plow
33:01 Two-Man Saw
34:00 Elite Cataphract
36:24 Logistica
39:40 Conscription
40:00 Plate Barding Armor
40:01 Iron Casting
Fury
13:33 Feudal Age
JohTo
0:26 Loom
11:12 Feudal Age
13:53 Wheelbarrow
16:29 Castle Age
15:19 Double-Bit Axe
15:18 Fishing Lines
Crusader
1:11 Loom
13:18 Feudal Age
16:38 Double-Bit Axe
16:45 Horse Collar
21:37 Castle Age
21:22 Wheelbarrow
21:05 Fletching
21:16 Padded Archer Armor
22:21 Bodkin Arrow
22:56 Bow Saw
啊丸子
0:42 Loom
12:07 Feudal Age
Connection lost

Rejoining the realm…

Still unreachable

The connection could not be restored.

Session expired

The server has moved on; the page needs a fresh start.